[ AOE2 MATCH · #495956645 ]
UnrankedGurjaras vs Saracens
Player's team · WIN
[ REPLAY ANALYSIS · EXTRACTED FROM THE RECORDED GAME ]
Feudal
8:26
Castle
19:57
Imperial
34:32
| APM avg | 59.2 |
| APM peak | 123 |
| eAPM avg | 35.1 |
| Villagers / military | 259 / 309 |
Focus
⚔️ 41.5% · 🌾 58.5%
Scout Cavalry ×161 · Camel Scout ×66 · Hand Cannoneer ×31 · Chakram Thrower ×22 · Mangonel ×10 · Bombard Cannon ×7
Feudal
9:21
Castle
20:46
Imperial
35:55
| APM avg | 72.4 |
| APM peak | 121 |
| eAPM avg | 33.5 |
| Villagers / military | 247 / 272 |
Focus
⚔️ 43.5% · 🌾 56.5%
Camel Scout ×141 · Archer ×43 · Mameluke ×42 · Spearman ×16 · Scout Cavalry ×15 · Trebuchet (Packed) ×8
Match map
Initial resources + every placement click. Lines = walls · curves = elevation contours. ◆ gold · ⬟ stone · ● berries · ✦ relic · ◌ wall gap
Your base· Open — 5t gap
_199_Al3jandr0.magn00_Arg's base· Open — unwalled flank
Smoothed initial terrain · ◌ = detected wall gap · hover for details
Inputs per minute
— OSO_CT - - _199_Al3jandr0.magn00_Arg
Build order — OSO_CT
First 150 of 810 actions detected
| 0:00 | Queue | Villager (Male) |
| 0:01 | Queue | Villager (Male) |
| 0:01 | Queue | Villager (Male) |
| 0:01 | Queue | Villager (Male) |
| 0:02 | Build | House |
| 0:04 | Build | House |
| 0:24 | Build | Mill |
| 1:27 | Queue | Villager (Male) |
| 1:57 | Queue | Villager (Male) |
| 1:57 | Queue | Villager (Male) |
| 2:30 | Queue | Villager (Male) |
| 2:30 | Queue | Villager (Male) |
| 2:40 | Queue | Villager (Male) |
| 3:16 | Queue | Villager (Male) |
| 3:16 | Queue | Villager (Male) |
| 3:34 | Queue | Villager (Male) |
| 3:51 | Build | House |
| 4:02 | Queue | Villager (Male) |
| 4:30 | Queue | Villager (Male) |
| 4:38 | Build | Lumber Camp |
| 4:55 | Queue | Villager (Male) |
| 5:15 | Queue | Villager (Male) |
| 5:36 | Queue | Villager (Male) |
| 6:08 | Research | Feudal Age |
| 6:48 | Build | Palisade Wall |
| 6:50 | Build | Palisade Wall |
| 6:53 | Build | Palisade Wall |
| 6:55 | Build | Palisade Wall |
| 7:49 | Build | Barracks |
| 7:52 | Build | Barracks |
| 7:55 | Research | Loom |
| 7:56 | Queue | Villager (Male) |
| 8:22 | Queue | Villager (Male) |
| 8:26 | Age | Feudal Age |
| 8:37 | Build | Stable |
| 9:01 | Build | Farm |
| 9:08 | Build | House |
| 9:21 | Queue | Scout Cavalry |
| 9:28 | Queue | Villager (Male) |
| 9:49 | Queue | Scout Cavalry |
| 9:53 | Build | Farm |
| 10:03 | Queue | Scout Cavalry |
| 10:12 | Build | House |
| 10:13 | Build | Palisade Wall |
| 10:16 | Build | Palisade Wall |
| 10:17 | Build | Palisade Wall |
| 10:24 | Queue | Villager (Male) |
| 10:26 | Build | Farm |
| 10:28 | Research | Double-Bit Axe |
| 10:30 | Queue | Villager (Male) |
| 10:33 | Build | Farm |
| 10:45 | Build | Farm |
| 11:01 | Build | House |
| 11:03 | Queue | Villager (Male) |
| 11:06 | Queue | Scout Cavalry |
| 11:11 | Build | House |
| 11:18 | Build | Farm |
| 11:21 | Build | Farm |
| 11:24 | Queue | Scout Cavalry |
| 11:46 | Queue | Villager (Male) |
| 11:51 | Build | Palisade Wall |
| 12:00 | Queue | Villager (Male) |
| 12:16 | Queue | Villager (Male) |
| 12:17 | Queue | Scout Cavalry |
| 12:32 | Queue | Villager (Male) |
| 12:36 | Build | Farm |
| 12:37 | Build | Farm |
| 12:39 | Build | Farm |
| 12:42 | Build | Farm |
| 12:56 | Queue | Villager (Male) |
| 13:08 | Build | Farm |
| 13:20 | Build | Mining Camp |
| 13:41 | Queue | Villager (Male) |
| 13:44 | Queue | Scout Cavalry |
| 14:06 | Queue | Spearman |
| 14:06 | Queue | Villager (Male) |
| 14:16 | Build | Blacksmith |
| 14:17 | Build | Palisade Wall |
| 14:23 | Build | House |
| 14:29 | Queue | Scout Cavalry |
| 14:34 | Research | Town Watch |
| 14:50 | Build | Farm |
| 14:53 | Queue | Villager (Male) |
| 14:57 | Build | House |
| 15:04 | Build | Palisade Wall |
| 15:15 | Queue | Villager (Male) |
| 15:25 | Queue | Spearman |
| 15:51 | Queue | Villager (Male) |
| 16:14 | Queue | Villager (Male) |
| 16:25 | Queue | Villager (Male) |
| 16:30 | Build | Farm |
| 16:47 | Build | Palisade Wall |
| 16:49 | Build | House |
| 17:17 | Research | Castle Age |
| 17:21 | Build | Stable |
| 17:39 | Build | House |
| 18:01 | Research | Horse Collar |
| 18:12 | Build | Palisade Wall |
| 18:14 | Build | Palisade Wall |
| 19:55 | Queue | Spearman |
| 19:57 | Age | Castle Age |
| 20:03 | Queue | Camel Scout |
| 20:05 | Queue | Villager (Male) |
| 20:05 | Queue | Villager (Male) |
| 20:06 | Build | Town Center |
| 20:13 | Build | House |
| 20:15 | Build | House |
| 20:16 | Build | Palisade Wall |
| 20:32 | Queue | Villager (Male) |
| 20:48 | Queue | Villager (Male) |
| 20:50 | Research | Bow Saw |
| 20:50 | Research | Bow Saw |
| 21:05 | Queue | Villager (Male) |
| 21:17 | Queue | Villager (Male) |
| 21:19 | Queue | Villager (Male) |
| 21:21 | Queue | Villager (Male) |
| 21:32 | Build | Town Center |
| 21:38 | Queue | Villager (Male) |
| 21:51 | Queue | Villager (Male) |
| 22:13 | Queue | Villager (Male) |
| 22:19 | Queue | Villager (Male) |
| 22:29 | Queue | Villager (Male) |
| 22:32 | Queue | Villager (Male) |
| 22:38 | Build | Siege Workshop |
| 22:52 | Queue | Villager (Male) |
| 23:14 | Queue | Villager (Male) |
| 23:15 | Queue | Villager (Male) |
| 23:18 | Queue | Villager (Male) |
| 23:20 | Build | Farm |
| 23:21 | Build | Farm |
| 23:22 | Queue | Villager (Male) |
| 23:34 | Queue | Villager (Male) |
| 23:38 | Queue | Mangonel |
| 23:39 | Build | Farm |
| 23:44 | Queue | Villager (Male) |
| 23:48 | Build | Farm |
| 23:48 | Build | Farm |
| 23:52 | Build | Farm |
| 23:55 | Build | Farm |
| 24:00 | Queue | Villager (Male) |
| 24:04 | Queue | Villager (Male) |
| 24:10 | Queue | Villager (Male) |
| 24:12 | Build | Farm |
| 24:21 | Queue | Mangonel |
| 24:25 | Queue | Villager (Male) |
| 24:34 | Build | Farm |
| 24:36 | Build | Farm |
| 24:38 | Queue | Villager (Male) |
| 24:54 | Queue | Villager (Male) |
| 25:02 | Build | Market |
Build order — _199_Al3jandr0.magn00_Arg
First 150 of 728 actions detected
| 0:01 | Queue | Villager (Male) |
| 0:01 | Queue | Villager (Male) |
| 0:01 | Queue | Villager (Male) |
| 0:02 | Build | House |
| 0:03 | Build | House |
| 0:12 | Build | House |
| 0:14 | Queue | Villager (Male) |
| 1:29 | Queue | Villager (Male) |
| 1:29 | Queue | Villager (Male) |
| 1:50 | Build | Lumber Camp |
| 1:59 | Queue | Villager (Male) |
| 1:59 | Queue | Villager (Male) |
| 2:10 | Queue | Villager (Male) |
| 2:40 | Queue | Villager (Male) |
| 3:04 | Build | House |
| 3:17 | Queue | Villager (Male) |
| 3:17 | Queue | Villager (Male) |
| 3:34 | Queue | Villager (Male) |
| 4:06 | Build | Mill |
| 4:11 | Queue | Villager (Male) |
| 4:34 | Queue | Villager (Male) |
| 4:40 | Queue | Villager (Male) |
| 4:40 | Queue | Villager (Male) |
| 5:09 | Queue | Villager (Male) |
| 5:47 | Queue | Villager (Male) |
| 6:10 | Queue | Villager (Male) |
| 6:11 | Research | Loom |
| 6:50 | Build | House |
| 7:06 | Research | Feudal Age |
| 7:42 | Build | Mill |
| 7:48 | Queue | Villager (Male) |
| 8:19 | Build | Barracks |
| 8:31 | Queue | Villager (Male) |
| 8:56 | Queue | Villager (Male) |
| 9:21 | Age | Feudal Age |
| 9:21 | Queue | Villager (Male) |
| 9:24 | Queue | Spearman |
| 9:28 | Build | Stable |
| 9:32 | Research | Double-Bit Axe |
| 9:33 | Queue | Villager (Male) |
| 9:42 | Queue | Villager (Male) |
| 9:52 | Build | House |
| 9:58 | Build | House |
| 10:00 | Build | House |
| 10:01 | Queue | Spearman |
| 10:12 | Queue | Scout Cavalry |
| 10:12 | Queue | Scout Cavalry |
| 10:25 | Queue | Villager (Male) |
| 10:32 | Build | Palisade Wall |
| 10:36 | Queue | Villager (Male) |
| 10:39 | Build | Farm |
| 10:40 | Build | Farm |
| 10:52 | Queue | Villager (Male) |
| 10:58 | Build | Farm |
| 11:07 | Build | House |
| 11:14 | Queue | Spearman |
| 11:45 | Queue | Villager (Male) |
| 11:52 | Queue | Villager (Male) |
| 11:53 | Build | Farm |
| 11:57 | Build | Farm |
| 12:09 | Queue | Scout Cavalry |
| 12:09 | Queue | Scout Cavalry |
| 12:15 | Build | Farm |
| 12:17 | Build | House |
| 12:27 | Queue | Villager (Male) |
| 12:28 | Queue | Villager (Male) |
| 12:54 | Queue | Villager (Male) |
| 12:55 | Build | Farm |
| 12:57 | Build | Farm |
| 12:58 | Build | Farm |
| 13:07 | Queue | Spearman |
| 13:07 | Queue | Spearman |
| 13:15 | Build | House |
| 13:20 | Build | House |
| 13:22 | Build | House |
| 13:29 | Queue | Villager (Male) |
| 13:31 | Queue | Villager (Male) |
| 13:33 | Build | Farm |
| 13:33 | Build | Farm |
| 13:41 | Queue | Scout Cavalry |
| 13:52 | Queue | Villager (Male) |
| 14:05 | Build | Blacksmith |
| 14:08 | Queue | Villager (Male) |
| 14:08 | Queue | Villager (Male) |
| 14:22 | Queue | Villager (Male) |
| 14:22 | Queue | Villager (Male) |
| 14:25 | Build | Farm |
| 14:40 | Build | Mining Camp |
| 14:43 | Queue | Villager (Male) |
| 14:50 | Build | House |
| 15:00 | Queue | Villager (Male) |
| 15:02 | Build | Farm |
| 15:03 | Queue | Spearman |
| 15:14 | Queue | Villager (Male) |
| 15:30 | Queue | Villager (Male) |
| 15:33 | Build | Farm |
| 15:57 | Queue | Villager (Male) |
| 16:13 | Queue | Villager (Male) |
| 16:24 | Queue | Villager (Male) |
| 16:27 | Build | Archery Range |
| 16:39 | Queue | Villager (Male) |
| 16:50 | Queue | Villager (Male) |
| 16:51 | Queue | Villager (Male) |
| 16:54 | Build | Market |
| 17:13 | Queue | Villager (Male) |
| 17:16 | Queue | Villager (Male) |
| 17:18 | Build | House |
| 17:20 | Build | Palisade Wall |
| 17:24 | Queue | Spearman |
| 17:25 | Queue | Spearman |
| 17:25 | Queue | Spearman |
| 17:29 | Queue | Villager (Male) |
| 17:29 | Queue | Villager (Male) |
| 17:40 | Build | Archery Range |
| 17:43 | Build | Farm |
| 17:47 | Build | Farm |
| 17:48 | Build | Farm |
| 18:01 | Research | Castle Age |
| 18:05 | Queue | Spearman |
| 18:05 | Queue | Spearman |
| 18:06 | Queue | Spearman |
| 18:12 | Queue | Archer |
| 18:37 | Build | House |
| 18:41 | Build | House |
| 18:43 | Build | Palisade Wall |
| 18:57 | Queue | Archer |
| 18:57 | Queue | Archer |
| 18:59 | Research | Fletching |
| 19:01 | Research | Horse Collar |
| 19:39 | Queue | Archer |
| 19:39 | Queue | Archer |
| 19:39 | Queue | Archer |
| 20:04 | Queue | Archer |
| 20:16 | Queue | Archer |
| 20:17 | Queue | Villager (Male) |
| 20:46 | Age | Castle Age |
| 20:58 | Research | Crossbowman (upgrade) |
| 20:58 | Research | Bodkin Arrow |
| 20:59 | Queue | Villager (Male) |
| 21:02 | Research | Bodkin Arrow |
| 21:15 | Queue | Villager (Male) |
| 21:19 | Queue | Villager (Male) |
| 21:35 | Queue | Villager (Male) |
| 21:37 | Build | Town Center |
| 21:38 | Queue | Villager (Male) |
| 21:44 | Build | House |
| 21:46 | Build | House |
| 21:47 | Queue | Archer |
| 21:47 | Queue | Archer |
| 22:01 | Queue | Villager (Male) |
Match timeline
| 6:48 | OSO_CT · wall_segment Palisade Wall x1 |
| 6:50 | OSO_CT · wall_segment Palisade Wall x1 |
| 6:53 | OSO_CT · wall_segment Palisade Wall x1 |
| 6:55 | OSO_CT · wall_segment Palisade Wall x1 |
| 7:49 | OSO_CT · first_building Barracks |
| 8:19 | _199_Al3jandr0.magn00_Arg · first_building Barracks |
| 8:26 | OSO_CT · age_up feudal |
| 8:37 | OSO_CT · first_building Stable |
| 9:21 | _199_Al3jandr0.magn00_Arg · age_up feudal |
| 9:28 | _199_Al3jandr0.magn00_Arg · first_building Stable |
| 10:13 | OSO_CT · wall_segment Palisade Wall x4 |
| 10:16 | OSO_CT · wall_segment Palisade Wall x2 |
| 10:17 | OSO_CT · wall_segment Palisade Wall x4 |
| 10:32 | _199_Al3jandr0.magn00_Arg · wall_segment Palisade Wall x7 |
| 11:51 | OSO_CT · wall_segment Palisade Wall x3 |
| 14:17 | OSO_CT · wall_segment Palisade Wall x7 |
| 15:04 | OSO_CT · wall_segment Palisade Wall x1 |
| 16:27 | _199_Al3jandr0.magn00_Arg · first_building Archery Range |
| 16:47 | OSO_CT · wall_segment Palisade Wall x1 |
| 17:20 | _199_Al3jandr0.magn00_Arg · wall_segment Palisade Wall x11 |
| 17:53 | _199_Al3jandr0.magn00_Arg · first_market_buy 100 food |
| 17:58 | _199_Al3jandr0.magn00_Arg · first_market_sell 100 stone |
| 18:12 | OSO_CT · wall_segment Palisade Wall x8 |
| 18:14 | OSO_CT · wall_segment Palisade Wall x16 |
| 18:43 | _199_Al3jandr0.magn00_Arg · wall_segment Palisade Wall x1 |
| 19:57 | OSO_CT · age_up castle |
| 20:16 | OSO_CT · wall_segment Palisade Wall x1 |
| 20:46 | _199_Al3jandr0.magn00_Arg · age_up castle |
| 22:38 | OSO_CT · first_building Siege Workshop |
| 25:06 | OSO_CT · first_building Monastery |
| 26:49 | OSO_CT · first_building Castle |
| 30:55 | _199_Al3jandr0.magn00_Arg · first_building Castle |
| 32:47 | _199_Al3jandr0.magn00_Arg · first_building Monastery |
| 34:32 | OSO_CT · age_up imperial |
| 35:15 | OSO_CT · first_building Archery Range |
| 35:55 | _199_Al3jandr0.magn00_Arg · age_up imperial |
| 45:30 | OSO_CT · first_market_buy 100 stone |
| 46:30 | OSO_CT · first_market_sell 100 wood |
| 54:10 | _199_Al3jandr0.magn00_Arg · resign |
[ AI ANALYSIS · 1 CREDIT ]
What really happened in this match?
Wolo.gg analyzes every decision: build order, eco, micro, common mistakes by bracket. Personalized analysis on WhatsApp or Discord in 30 seconds.
Civ guide
Gurjaras
Perfil
Jugador #5187661